 Dungeon Crawl Stone Soup version 0.28-a0-10-g964c8b829e (webtiles) character file.

Game seed: 14994282340457229213

44 bande the Shield-Bearer (level 3, -2/23 HPs)
             Began as a Gargoyle Fighter on July 25, 2021.
             Slain by a gnoll (9 damage)
             ... on level 2 of the Dungeon.
             The game lasted 00:01:58 (1241 turns).

bande the Shield-Bearer (Gargoyle Fighter)          Turns: 1241, Time: 00:01:59

Health: -2/23      AC: 11    Str: 19    XL:     3   Next: 62%
Magic:  3/3        EV:  7    Int:  8    God:
Gold:   69         SH:  9    Dex: 10    Spells: 1/2 levels left

rFire   . . .      SeeInvis .   a - +0 war axe
rCold   . . .      Faith    .   c - +0 kite shield
rNeg    + . .      Spirit   .   b - +0 scale mail
rPois   ∞          Reflect  .   (no helmet)
rElec   +          Harm     .   (no cloak)
rCorr   .          Rampage  .   (no gloves)
Will    .....                   e - +0 pair of boots
Stlth   ..........              (no amulet)
HPRegen 0.07/turn               (no ring)
MPRegen 0.08/turn               (no ring)

@: no status effects
A: sickness immunity, AC +3, negative energy resistance 1, electricity
resistance, torment resistance 1, petrification resistance
a: no special abilities


You were on level 2 of the Dungeon.
You visited 1 branch of the dungeon, and saw 2 of its levels.

You collected 69 gold pieces.

Inventory:

Hand Weapons
 a - a +0 war axe (weapon)
Armour
 b - a +0 scale mail (worn)
 c - a +0 kite shield (worn)
 e - a +0 pair of boots (worn)
Scrolls
 h - a scroll of vulnerability {unknown}
 i - a scroll of holy word {unknown}
 k - a scroll of amnesia {unknown}
 l - a scroll of identify {unknown}
 m - a scroll of acquirement {unknown}
Potions
 d - a potion of might
 g - a potion of resistance {unknown}
 j - 3 potions of heal wounds {unknown}
 n - a potion of magic {unknown}


   Skills:
 + Level 3.5 Fighting
 + Level 2.2 Axes
 + Level 3.7 Armour
 + Level 0.3 Dodging
 + Level 3.8 Shields
 * Level 0.4 Translocations


You had one spell level left.
You knew the following spells:

 Your Spells              Type           Power      Damage    Failure   Level
a - Apportation           Tloc           0%         N/A       99%         1

Your spell library contained the following spells:

 Spells                   Type           Power      Damage    Failure   Level
 Animate Skeleton         Necr           0%         N/A       99%         1
 Corona                   Hex            0%         N/A       99%         1
 Summon Small Mammal      Summ           0%         N/A       99%         1


Dungeon Overview and Level Annotations

Branches:
Dungeon (2/15)

Altars:

Shops:
D:2 *


Innate Abilities, Weirdness & Mutations

You are immune to sickness and miasma.
Your stone body is resilient. (AC +3)
You are immune to poison.
You resist negative energy. (rN+)
You are resistant to electric shocks. (rElec)
You are resistant to unholy torment.
You are immune to petrification.


Message History

The gnoll hits you with a +0 club.
You barely miss the gnoll.
The gnoll is almost dead.
You barely miss the gnoll. You hit the gnoll.
You kill the gnoll!
You hit the gnoll. The gnoll barely misses you. You block the gnoll's attack.
You hit the gnoll.
The gnoll is moderately wounded.
You barely miss the gnoll.
The gnoll hits you but does no damage. x2
You block the gnoll's attack. The gnoll closely misses you.
You hit the gnoll.
The gnoll is severely wounded.
You closely miss the gnoll. You block the gnoll's attack.
The gnoll hits you with a +1 flail of protection!
You are too injured to fight recklessly!
You are too injured to fight recklessly!
You are too injured to fight recklessly!
You are too injured to fight recklessly!
You are too injured to fight recklessly!
You are too injured to fight recklessly!
You are too injured to fight recklessly!
Unknown command.
You slash the gnoll!
You kill the gnoll!
You completely miss the gnoll. You block the gnoll's attack.
The gnoll hits you with a +1 flail of protection.
You block the gnoll's attack.
You see here a +0 halberd.
Unknown command.
You hit the gnoll but do no damage. The gnoll barely misses you.
The gnoll hits you but does no damage.
You hit the gnoll.
The gnoll is moderately wounded.
The gnoll hits you with a +1 flail of protection.
You hit the gnoll but do no damage.
The gnoll is moderately wounded.
You block the gnoll's attack.
The gnoll hits you with a +1 flail of protection!
You die...

.... ....
..# # ...
#.##.## ##
..w. .# #
#g##..# #.
#@.#..#
#?.###.#..#
#.........#
##.....).##
#####.###
#.# #..
####


You could see a worm and a gnoll.

Vanquished Creatures
  2 gnolls (D:2)
  An endoplasm (D:1)
  2 giant cockroaches (D:1)
  2 goblins (D:1)
  A hobgoblin (D:1)
  6 jackals
  3 kobolds
  A ball python (D:1)
  A bat (D:1)
  3 frilled lizards
  3 rats
25 creatures vanquished.

Notes
Turn   | Place    | Note
-------+----------+-------------------------------------------
     0 | D:1      | bande the Gargoyle Fighter began the quest for the Orb.
     0 | D:1      | Reached XP level 1. HP: 14/14 MP: 1/1
   385 | D:1      | Reached XP level 2. HP: 17/19 MP: 2/2
   852 | D:1      | Learned a level 1 spell: Apportation
  1047 | D:2      | Found a faded altar of an unknown god.
  1047 | D:2      | Noticed a sixfirhy
  1114 | D:2      | Found Lyev's Assorted Antiques.
  1143 | D:2      | Reached XP level 3. HP: 18/23 MP: 3/3
  1241 | D:2      | Slain by a gnoll

Illustrated notes

Levels and vault maps discovered:
D:1:      nicolae_arrival_memento_mori, layout_rooms,
          chequers_serial_rivers_room_a
D:2:      layout_loops_corners, serial_shops, shop,
          dreamdust_ecumenical_altar_sealed_demon

Skill      XL: |  1  2 |
---------------+-------+-----
Axes           | 2 |  2.2
Fighting       | |  3.5
Armour         | |  3.7
Dodging        | |  0.3
Shields        | |  3.8
Translocations | |  0.4

Action                   || total
-------------------------++-------
Melee: War axe           ||    77
  Use: Scroll            ||     1
Armor: Scale mail        ||    53
Dodge: Dodged            ||    32
Block: Kite shield       ||    55

Table legend: (Time is in decaauts)
 A = Elapsed time spent in this place.
 B = Non-inter-level travel time spent in this place.
 C = Inter-level travel time spent in this place.
 D = Time resting spent in this place.
 E = Time spent auto-exploring this place.
 F = Levels seen in this place.
 G = Mean time per level.
                   A        B        C        D        E       F      G
               +--------+--------+--------+--------+--------+-----+--------+
         Total |   1289 |   1279 |     10 |    153 |    864 |   2 |  644.5 |
       Dungeon |   1289 |   1279 |     10 |    153 |    864 |   2 |  644.5 |
               +--------+--------+--------+--------+--------+-----+--------+

Top non-repeatable levels by time:
     D:1: 1038 daAuts
     D:2: 250 daAuts
